Map: Lightshade LE

Players

Pumba

  • Race: Zerg Zerg
  • League: Master
  • Spawn Location: 5:00

GapeWideOpen - Winner!

  • Race: Protoss Protoss
  • League: Master
  • Spawn Location: 11:00

VOD

Have the link to the VOD?

Description

Time

  • Played on: Sept. 14, 2021, 5:27 p.m.
  • Length: 14:37
Show
View Real Time Build Order
Export as new Build Order

Pumba Zerg 

Build Orders: Hatch First 

Get SALT Encoding   

  12  0:01  Drone  
  13  0:12  Overlord  
  13  0:17  Drone  
  14  0:31  Drone x2  
  16  0:48  Hatchery  
  15  0:51  Drone  
  15  0:54  Drone  
  17  1:04  Drone  
  18  1:12  Extractor  
  18  1:16  Spawning Pool  
  16  1:50  Drone x2  
  18  2:06  Zergling x2  
  15  2:16  Drone  
  16  2:29  Zergling x2  
  17  2:37  Drone x3  
  20  2:51  Queen  
  22  2:58  Queen  
  24  3:09  Drone x2  
  26  3:15  Overlord  
  26  3:16  Drone x2  
  28  3:27  Drone  
  28  3:37  Drone  
  29  3:44  Drone  
  29  3:45  Drone x2  
  29  3:46  Hatchery  
  29  3:47  Drone  
  32  3:51  Overlord  
  32  4:06  Zergling x4  
  32  4:09  Spore Crawler  
  32  4:17  Drone x2  
  32  4:19  Drone  
  32  4:21  Drone  
  32  4:23  Spore Crawler  
  32  4:24  Drone x3  
  37  4:26  Drone  
  39  4:37  Overlord  
  39  4:38  Drone  
  39  4:42  Drone  
  39  4:45  Queen, Drone  
  44  4:53  Overlord x2  
  44  4:57  Drone  
  43  5:00  Queen  
  45  5:09  Drone x4  
  45  5:10  Drone x3  
  52  5:20  Drone x6  
  58  5:22  Queen  
  60  5:30  Extractor  
  60  5:31  Roach Warren  
  60  5:33  Lair, Overlord  
  58  5:35  Drone  
  58  5:36  Drone  
  60  5:44  Extractor  
  60  5:45  Drone x3, Extractor  
  60  5:48  Overlord  
  61  5:51  Drone x2  
  61  5:53  Drone x3  
  61  5:54  Drone  
  61  5:55  Drone x2  
  69  6:10  Drone  
  70  6:11  Drone  
  70  6:12  Evolution Chamber  
  70  6:14  Extractor, Overlord x2  
  70  6:15  Metabolic Boost  
  70  6:16  Extractor  
  68  6:23  Drone  
  68  6:24  Drone x2  
  68  6:25  Drone x3  
  72  6:26  Drone  
  72  6:27  Drone x2  
  72  6:30  Overlord  
  77  6:35  Overseer  
  77  6:37  Hatchery  
  76  6:41  Zerg Missile Weapons Level 1  
  76  6:42  Hydralisk Den  
  76  6:44  Infestation Pit  
  76  6:46  Drone  
  75  6:47  Drone  
  75  6:48  Drone x4  
  75  6:52  Glial Reconstitution  
  80  6:56  Roach x3  
  86  7:05  Roach  
  86  7:06  Roach x2  
  92  7:16  Grooved Spines, Overlord x2  
  92  7:17  Overlord  
  92  7:20  Drone x2  
  92  7:21  Drone x5  
  99  7:28  Extractor x2  
  97  7:32  Overlord x4  
  97  7:35  Drone x2  
  99  7:41  Overlord  
  99  7:42  Overlord  
  103  7:44  Roach x4  
  103  7:46  Hydralisk  
  109  7:51  Hydralisk x4  
  116  7:59  Hive  
  116  8:00  Hydralisk x2  
  120  8:07  Hydralisk x4  
  128  8:13  Overseer  
  128  8:17  Hydralisk x3  
  134  8:24  Hydralisk  
  134  8:25  Hydralisk x3  
  142  8:30  Hydralisk x2  
  146  8:41  Overlord x3  
  146  8:44  Hydralisk x4  
  146  8:48  Zerg Missile Weapons Level 2  
  154  8:58  Hydralisk x5  
  162  9:11  Hydralisk x6  
  172  9:22  Hydralisk Den  
  171  9:29  Hydralisk Den  
  170  9:34  Viper  
  170  9:35  Viper  
  176  9:51  Spore Crawler  
  175  9:57  Viper x2  
  183  10:00  Drone x8  
  183  10:01  Spore Crawler  
  183  10:02  Spine Crawler  
  183  10:06  Hydralisk x5  
  197  10:11  Muscular Augments, Extractor  
  197  10:12  Hatchery  
  188  10:36  Hydralisk x6  
  197  10:51  Lurker Den  
  181  11:25  Hatchery  
  180  11:29  Spore Crawler, Overlord  
  180  11:30  Roach x7, Extractor  
  180  11:31  Spore Crawler  
  189  11:33  Spore Crawler x2  
  189  11:36  Queen  
  189  11:40  Drone x2  
  189  11:42  Spine Crawler x2  
  110  13:19  Drone x3  
  107  13:20  Drone x3  
  99  13:51  Hatchery  
  99  13:54  Hatchery x2  
Show
View Real Time Build Order
Export as new Build Order

GapeWideOpen Protoss - Winner!

Build Orders:  

Get SALT Encoding   

  12  0:00  Probe  
  13  0:12  Probe  
  14  0:20  Pylon  
  14  0:24  Probe  
  15  0:38  Probe (Chrono Boost)  
  15  0:39  Forge  
  16  0:49  Probe (Chrono Boost)  
  17  0:54  Probe (Chrono Boost)  
  18  1:09  Pylon  
  18  1:13  Pylon  
  18  1:14  Pylon  
  18  1:15  Pylon  
  18  1:27  Gateway  
  18  1:30  Photon Cannon  
  18  1:31  Gateway  
  17  1:38  Photon Cannon  
  17  1:57  Pylon  
  16  2:03  Probe (Chrono Boost)  
  17  2:12  Probe (Chrono Boost)  
  18  2:17  Nexus  
  18  2:23  Gateway  
  18  2:28  Assimilator  
  18  2:35  Cybernetics Core  
  18  2:37  Probe (Chrono Boost)  
  19  2:45  Assimilator  
  19  2:51  Pylon  
  19  2:58  Photon Cannon  
  19  3:00  Probe  
  20  3:10  Pylon  
  20  3:11  Adept (Chrono Boost)  
  23  3:27  Probe (Chrono Boost)  
  23  3:30  Probe (Chrono Boost)  
  24  3:37  Adept, Warp Gate  
  24  3:40  Probe (Chrono Boost)  
  24  3:41  Probe (Chrono Boost)  
  28  3:45  Probe (Chrono Boost)  
  29  3:49  Probe  
  30  3:56  Probe  
  30  4:01  Probe  
  32  4:09  Probe (Chrono Boost)  
  34  4:21  Probe (Chrono Boost)  
  34  4:26  Nexus, Probe (Chrono Boost)  
  34  4:29  Probe (Chrono Boost)  
  34  4:32  Stalker (Chrono Boost), Pylon  
  34  4:35  Probe  
  37  4:40  Probe  
  38  4:50  Probe  
  38  4:51  Photon Cannon  
  39  4:55  Assimilator, Stalker  
  39  4:58  Pylon  
  39  4:59  Probe  
  40  5:03  Shield Battery  
  40  5:04  Probe  
  41  5:13  Photon Cannon  
  42  5:14  Probe (Chrono Boost)  
  42  5:16  Probe (Chrono Boost)  
  43  5:24  Robotics Facility  
  43  5:26  Probe (Chrono Boost)  
  43  5:28  Probe (Chrono Boost)  
  45  5:32  Probe (Chrono Boost)  
  45  5:33  Sentry  
  48  5:38  Probe (Chrono Boost)  
  48  5:39  Twilight Council  
  48  5:40  Probe (Chrono Boost)  
  50  5:43  Probe (Chrono Boost)  
  53  5:50  Probe (Chrono Boost)  
  53  5:51  Probe (Chrono Boost)  
  53  5:52  Probe (Chrono Boost)  
  53  5:55  Probe (Chrono Boost)  
  55  5:57  Probe  
  55  6:00  Probe  
  57  6:06  Probe, Pylon  
  57  6:09  Probe  
  59  6:12  Probe  
  59  6:13  Immortal (Chrono Boost)  
  65  6:18  Probe  
  65  6:20  Charge (Chrono Boost)  
  65  6:22  Probe (Chrono Boost)  
  65  6:24  Probe (Chrono Boost)  
  67  6:25  Pylon  
  67  6:30  Gateway  
  67  6:31  Gateway  
  68  6:33  Gateway  
  68  6:35  Probe (Chrono Boost)  
  68  6:36  Probe (Chrono Boost)  
  68  6:38  Assimilator  
  68  6:39  Probe (Chrono Boost)  
  70  6:42  Probe (Chrono Boost)  
  70  6:43  Assimilator  
  70  6:44  Probe (Chrono Boost)  
  70  6:46  Probe (Chrono Boost)  
  73  6:49  Immortal (Chrono Boost)  
  73  6:53  Templar Archives, Probe  
  78  6:54  Probe  
  78  6:58  Probe, Assimilator  
  80  7:02  Gateway  
  80  7:06  Probe  
  81  7:10  Gateway x2  
  81  7:13  Gateway  
  81  7:16  Pylon  
  81  7:20  Probe  
  81  7:22  Probe  
  83  7:25  Pylon  
  83  7:28  Warp Prism (Chrono Boost), Pylon  
  83  7:34  Psionic Storm  
  83  7:36  Pylon  
  85  7:42  High Templar  
  85  7:43  High Templar  
  85  7:44  Gateway x2  
  89  7:47  Pylon  
  89  7:48  Probe  
  90  7:58  Observer, High Templar x3  
  97  7:59  Pylon  
  97  8:03  Protoss Ground Weapons Level 1 (Chrono Boost), Probe  
  97  8:05  Pylon  
  98  8:07  Pylon  
  98  8:11  Nexus  
  98  8:14  High Templar x2  
  98  8:15  Archon  
  98  8:18  Zealot x3  
  108  8:22  Photon Cannon  
  108  8:24  Photon Cannon  
  108  8:26  Probe  
  109  8:28  Archon  
  109  8:30  Zealot x2  
  113  8:36  Zealot  
  113  8:38  Zealot  
  113  8:39  Probe  
  118  8:42  Probe  
  118  8:45  High Templar x3  
  118  8:46  High Templar  
  127  8:50  Archon x2  
  127  8:56  Probe  
  127  8:57  Probe  
  127  8:59  Probe  
  127  9:01  Pylon  
  130  9:04  Zealot  
  130  9:05  Assimilator  
  130  9:08  Assimilator  
  130  9:09  Zealot x5  
  136  9:12  Probe  
  136  9:13  Probe  
  138  9:19  Zealot x4  
  138  9:20  Probe (Chrono Boost)  
  133  9:32  Probe x2 (Chrono Boost)  
  133  9:33  Probe (Chrono Boost)  
  132  9:39  High Templar x5  
  132  9:42  Zealot x5  
  132  9:44  Archon x2  
  152  9:47  Immortal (Chrono Boost)  
  152  9:48  Blink (Chrono Boost)  
  156  9:54  Pylon  
  156  10:03  Zealot  
  158  10:08  Nexus  
  158  10:11  Pylon  
  156  10:20  Probe  
  156  10:21  Zealot  
  148  10:35  Zealot x7  
  150  10:36  Zealot x2  
  150  10:38  Probe  
  150  10:41  Immortal (Chrono Boost)  
  167  10:43  Probe  
  167  10:48  Probe  
  167  10:51  Probe  
  167  10:52  Zealot, Probe  
  167  10:55  Probe  
  154  11:00  Probe  
  155  11:06  Stargate, Probe  
  155  11:07  Stargate  
  155  11:11  Stargate  
  150  11:13  Stargate  
  150  11:15  Probe  
  150  11:16  Probe  
  150  11:26  Photon Cannon  
  150  11:28  Photon Cannon  
  150  11:29  High Templar x9  
  150  11:30  Zealot, Photon Cannon  
  168  11:33  Photon Cannon  
  168  11:35  Archon x3, Photon Cannon  
  168  11:36  Probe  
  168  11:37  Pylon  
  168  11:38  Immortal (Chrono Boost)  
  169  11:46  Pylon  
  173  11:47  Assimilator  
  173  11:49  Assimilator  
  173  11:54  Fleet Beacon  
  173  12:01  Nexus  
  173  12:05  Zealot x5  
  173  12:06  Zealot x2  
  183  12:19  Void Ray (Chrono Boost)  
  198  12:26  Probe  
  198  12:29  Void Ray (Chrono Boost)  
  187  12:31  Zealot x6, Pylon  
  187  12:32  Zealot x3  
  187  12:34  Probe  
  188  12:45  Templar Archives  
  188  12:47  Gateway  
  188  12:48  Cybernetics Core  
  188  12:49  Pylon  
  150  13:10  Pylon  
  150  13:11  Pylon  
  148  13:14  Pylon  
  145  13:27  Pylon  
Tags
 
Add a new tag
Caveats
  • Supply blocks, unpowered buildings, or Contaminate may cause inaccurate times.
  • Supply counts are checked every 10 seconds.